 Dungeon Crawl Stone Soup version 0.29.1 (webtiles) character file.

Game seed: 4949538931242822878

142 raincastle the Trooper (level 5, -2/42 HPs)
             Began as a Demonspawn Abyssal Knight on Sept 13, 2022.
             Was a Priest of Lugonu.
             Killed by divine providence
             ... invoked by an orc priest
              (13 damage)
             ... on level 3 of the Dungeon.
             The game lasted 00:17:15 (3150 turns).

raincastle the Trooper (Demonspawn Abyssal Knight)  Turns: 3150, Time: 00:17:15

Health: -2/42      AC:  6    Str: 15    XL:     5   Next: 4%
Magic:  3/7        EV:  9    Int: 12    God:    Lugonu [***...]
Gold:   141        SH:  0    Dex: 17    Spells: 4/4 levels left

rFire   . . .      SeeInvis .   b - +1 short sword (speed)
rCold   . . .      Faith    .   (no shield)
rNeg    . . .      Spirit   .   o - +0 scale mail
rPois   .          Reflect  .   (no helmet)
rElec   .          Harm     .   (no cloak)
rCorr   .          Rampage  .   (no gloves)
Will    .....                   (no boots)
Stlth   ++........              (no amulet)
HPRegen 0.14/turn               (no ring)
MPRegen 0.10/turn               (no ring)

@: no status effects
A: thin skeletal structure 2, weakness stinger 2
a: Renounce Religion, Depart the Abyss, Bend Space, Banish


You were on level 3 of the Dungeon.
You worshipped Lugonu.
Lugonu was most pleased with you.
You visited 1 branch of the dungeon, and saw 5 of its levels.
You visited the Abyss 1 time.

You collected 141 gold pieces.

Inventory:

Hand Weapons
 a - a +1 mace
 b - a +1 short sword of speed (weapon)
Missiles
 j - 4 datura-tipped darts
Armour
 o - a +0 scale mail (worn)
Magical Staves
 d - a staff of fire
Jewellery
 p - a ring of protection from fire
Scrolls
 c - 3 scrolls of teleportation {unknown}
 f - 3 scrolls of identify {unknown}
 g - 2 scrolls of enchant weapon {unknown}
 l - a scroll of blinking {unknown}
 m - a scroll of vulnerability {unknown}
 n - a scroll of amnesia {unknown}
Potions
 e - 2 potions of lignification {unknown}
 h - 2 potions of curing {unknown}
 i - a potion of attraction {unknown}
 k - a potion of berserk rage {unknown}
 q - a potion of brilliance {unknown}
 r - a potion of mutation {unknown}
 s - a potion of flight {unknown}


   Skills:
 + Level 4.1 Fighting
 - Level 2.4 Maces & Flails
 + Level 2.4 Armour
 + Level 1.4 Dodging
 + Level 1.0 Stealth
 * Level 3.6 Invocations


You had 4 spell levels left.
You didn't know any spells.
Your spell library contained the following spells:

 Spells                   Type           Power      Damage    Failure   Level
 Sting                    Tmut/Pois      0%         1d3       77%         1
 Poisonous Vapours        Pois/Air       0%         N/A       88%         2
 Sublimation of Blood     Necr           0%         N/A       88%         2
 Animate Armour           Summ/Erth      0%         N/A       100%        4
 Corpse Rot               Necr/Pois/Air  0%         N/A       100%        4
 Olgreb's Toxic Radiance  Pois           0%         N/A       100%        4
 Blade Hands              Tmut           0%         N/A       100%        5
 Yara's Violent Unravell  Hex/Tmut       0%         3d3       100%        5
 Iron Shot                Conj/Erth      0%         9d1       100%        6
 Death's Door             Necr           0%         N/A       100%        9


Dungeon Overview and Level Annotations

Branches:
Dungeon (5/15)
 Temple: D:4-7

Altars:
Qazlal
Xom

Shops:
D:1 !


Innate Abilities, Weirdness & Mutations

You have a moderately thin skeletal structure. (Dex +4, Stealth++)
You have a tail ending in a sharp stinger.


Message History

The orc barely misses you.
You closely miss the orc.
The orc is moderately wounded.
You hit the orc. You tail-slap the orc.
You kill the orc!
Lugonu accepts your kill. The orc hits you but does no damage.
The orc hits you with a +0 mace.
You closely miss the orc priest. You tail-slap the orc priest.
The orc priest is lightly wounded.
The orc hits you but does no damage.
The orc priest hits you with a +0 falchion.
The orc hits you but does no damage.
You hit the orc priest.
The orc priest is moderately wounded.
The orc closely misses you. The orc priest barely misses you.
The orc hits you with a +0 club.
You hit the orc priest but do no damage.
The orc priest is moderately wounded.
You hit the orc priest.
The orc priest is moderately wounded.
The orc hits you but does no damage. x2
The orc priest hits you with a +0 falchion.
You hit the orc priest but do no damage.
The orc priest is moderately wounded.
The orc hits you but does no damage. The orc priest closely misses you.
The orc barely misses you.
You hit the orc priest but do no damage.
The orc priest is moderately wounded.
You hit the orc priest.
The orc priest is heavily wounded.
The orc closely misses you. The orc hits you with a +0 mace.
The orc priest barely misses you.
You hit the orc priest but do no damage.
The orc priest is heavily wounded.
The orc hits you but does no damage. The orc hits you with a +0 club.
The orc priest hits you with a +0 falchion.
Space bends violently around you!
You blink.
The orc priest invokes the aid of Beogh against you.
Beogh smites you!
You die...

#.......#
#....|### #
#.>.....#
.#.#####o.|.#
.......o....#
........o...#
...?.......##
.........####...
........@.......
################


You could see an orc priest and 2 orcs.

Vanquished Creatures
  A howler monkey (D:4)
  A gnoll (D:1)
  2 adders (D:2)
  2 worms
  2 orcs
  7 ball pythons
  2 bats (D:1)
  3 endoplasms
  A giant cockroach (D:3)
  12 goblins
  3 hobgoblins (D:4)
  3 jackals (D:2)
  5 kobolds
  2 quokkas
  A frilled lizard (D:1)
  3 rats
50 creatures vanquished.

Notes
Turn   | Place    | Note
-------+----------+-------------------------------------------
     0 | Abyss:1  | raincastle the Demonspawn Abyssal Knight began the quest
                  | for the Orb.
     0 | Abyss:1  | Reached XP level 1. HP: 18/18 MP: 2/2
     1 | D:1      | Escaped the Abyss
    89 | D:1      | Found Fauran's Distillery.
   101 | D:1      | Gained mutation: You have a small tail. [demonic ancestry]
   101 | D:1      | Reached XP level 2. HP: 16/24 MP: 3/3
   482 | D:1      | Reached skill level 1 in Dodging
   723 | D:1      | Got the Compendium of Mutagenic Evil
   794 | D:1      | Gained mutation: You have a somewhat thin skeletal
                  | structure. (Dex +2, Stealth+) [demonic ancestry]
   794 | D:1      | Reached XP level 3. HP: 28/30 MP: 5/5
  1409 | D:2      | Found a shimmering altar of Xom.
  1429 | D:2      | Reached *** piety under Lugonu
  2257 | D:3      | Reached skill level 4 in Fighting
  2257 | D:3      | Gained mutation: You have a tail ending in a sharp stinger.
                  | [demonic ancestry]
  2257 | D:3      | Reached XP level 4. HP: 37/37 MP: 6/6
  2265 | D:3      | You fall into a shaft and drop 2 floors!
  2265 | D:5      | Entered Level 5 of the Dungeon
  2353 | D:4      | Found a stormy altar of Qazlal.
  2690 | D:4      | Reached skill level 1 in Stealth
  2742 | D:4      | Gained mutation: You have a moderately thin skeletal
                  | structure. (Dex +4, Stealth++) [demonic ancestry]
  2742 | D:4      | Reached XP level 5. HP: 31/42 MP: 7/7
  3150 | D:3      | Killed from afar by an orc priest

Illustrated notes

Levels and vault maps discovered:
D:1:      dpeg_arrival_pits, layout_basic, serial_shops, shop
D:2:      layout_loops_ring, basic_altar, minmay_strange_pillars
D:3:      layout_basic, lemuel_crystal_altar, serial_shops,
          nicolae_diamond_shop, ebering_dispersal_statue_hall,
          grunt_ministairs_14
D:4:      layout_cave_pools, lemuel_coloured_pillars_altar, st_stairs_5,
          minmay_goblin_outpost
D:5:      black_bear_nest_2, layout_rooms, mainiacjoe_overflow_catwalk,
          general_overflow_altar, st_stairs_1, nicolae_fountain_basement,
          uniq_crazy_yiuf_cottage

Skill      XL: |  1  2  3  4 |
---------------+-------------+-----
Armour         | 2 |  2.4
Dodging        | 1 |  1.4
Maces & Flails | 2 |  2.4
Fighting       | 4 |  4.1
Invocations    | 3 |  3.6
Stealth        | 1 |  1.0

Action                   |  1- 3 |  4- 6 || total
-------------------------+-------+-------++-------
Melee: Mace              |    96 |    42 ||   138
       Tailslap          |     7 |    10 ||    17
       Punch             |     3 |     2 ||     5
       Short sword       |       |    21 ||    21
Invok: Banish            |     1 |     3 ||     4
       Bend Space        |       |     7 ||     7
 Stab: Sleeping          |     3 |     1 ||     4
Armor: Leather armour    |    31 |     2 ||    33
       Scale mail        |       |    41 ||    41
Dodge: Dodged            |    79 |    47 ||   126
